cohdb
Replays
Latest Replays
All Replays
Popular Replays
Top Player Replays
Match Explorer
How It Works
Community
CoH3 Stats
Reddit
Sign in to upload your games and track your stats! →
Sign in with Steam
Match 42818610
Unlisted
Match 42818610
Overview
Messages
Build Orders
End
Vickers Machine Gun Team
Construct Section Command Post
Infantry Section
Infantry Section
Infantry Section
Construct Platoon Command Post
Selects Air and Sea Battlegroup
Selects Supply Surplus
Unlock Bishop Self-propelled Artillery
Bishop Self-propelled Artillery
Bishop Self-propelled Artillery
Construct Resource Cache
Infantry Training
Selects Commando Section Paradrop
Grenade Package
Commando Section Paradrop
Construct Field Infirmary
Light Vehicle Training
Commando Section Paradrop
Royal Engineer Section
Bishop Self-propelled Artillery
Construct Company Command Post
Forward Retreat Point
Bishop Self-propelled Artillery
Lavitz
Rehluct
Pagliarini
DCL_USDC
柒尧伍
Jd577
noob
LuKAs
0
0
Comments
sign in to comment!
No comments posted yet!